Map: Lightshade LE

Players

Serral - Winner!

  • Race: Zerg Zerg
  • Spawn Location: 5:00

Stats

  • Race: Protoss Protoss
  • Spawn Location: 11:00

Event: DreamHack SC2 Masters 2020 Winter

VOD

Have the link to the VOD?

Description

Time

  • Played on: Nov. 15, 2020, 11:47 a.m.
  • Length: 10:25

All games in this series

Show
View Real Time Build Order
Export as new Build Order

Serral Zerg - Winner!

Build Orders: Pool First 

Get SALT Encoding   

  12  0:16  Spawning Pool  
  11  0:21  Drone  
  11  0:26  Drone  
  13  0:31  Drone  
  14  0:39  Overlord  
  14  1:04  Zergling x4  
  14  1:05  Queen, Zergling x2  
  19  1:15  Zergling x2  
  20  1:31  Hatchery  
  19  1:35  Zergling x2  
  20  1:43  Overlord  
  20  1:48  Drone  
  21  1:59  Drone  
  22  2:03  Queen  
  24  2:10  Drone  
  24  2:14  Drone  
  24  2:15  Drone  
  27  2:17  Drone  
  26  2:26  Drone  
  26  2:34  Zergling x2  
  27  2:41  Queen  
  29  2:45  Zergling x4  
  31  2:52  Zergling x4  
  31  2:54  Overlord  
  34  3:01  Drone  
  35  3:12  Extractor  
  33  3:13  Drone x2  
  33  3:19  Drone x4  
  39  3:28  Drone x2, Queen  
  43  3:38  Overlord  
  43  3:48  Drone  
  44  3:51  Hatchery  
  44  3:54  Drone  
  44  3:55  Drone  
  44  3:58  Overlord  
  44  3:59  Drone  
  44  4:02  Drone  
  46  4:07  Drone x3  
  49  4:12  Overlord  
  49  4:16  Metabolic Boost  
  49  4:21  Drone x3  
  52  4:24  Overlord  
  52  4:29  Drone x2  
  54  4:33  Queen  
  54  4:36  Drone  
  57  4:41  Extractor  
  57  4:42  Drone x3  
  59  4:46  Overlord  
  59  4:47  Drone  
  59  4:51  Drone x3  
  63  4:55  Spore Crawler  
  63  4:56  Pneumatized Carapace  
  62  5:01  Spore Crawler  
  62  5:02  Drone x2  
  63  5:08  Roach Warren  
  63  5:13  Queen  
  63  5:14  Drone  
  65  5:19  Zergling x2  
  66  5:21  Lair  
  66  5:23  Drone x2  
  66  5:26  Spore Crawler  
  66  5:27  Drone x2  
  69  5:31  Overlord  
  69  5:32  Evolution Chamber  
  69  5:33  Drone  
  69  5:34  Drone  
  70  5:36  Drone  
  70  5:37  Drone  
  70  5:41  Drone x3, Extractor  
  73  5:47  Drone  
  73  5:48  Drone x2, Extractor  
  73  5:49  Drone  
  76  5:51  Overlord  
  76  6:00  Queen x2, Zerg Missile Weapons Level 1  
  76  6:02  Drone  
  76  6:03  Drone  
  82  6:10  Overlord  
  82  6:11  Drone x5  
  85  6:13  Overlord  
  85  6:17  Extractor  
  85  6:21  Drone x5  
  85  6:22  Hydralisk Den  
  89  6:27  Overlord  
  89  6:28  Extractor  
  89  6:33  Hatchery  
  89  6:39  Drone x5, Extractor  
  92  6:44  Spore Crawler, Baneling Nest, Overlord  
  92  6:45  Drone  
  91  6:47  Drone x2  
  91  6:51  Drone x3  
  91  6:54  Zergling x6  
  98  6:58  Muscular Augments, Drone x2  
  100  7:02  Evolution Chamber  
  100  7:04  Drone  
  100  7:05  Drone x3  
  102  7:12  Drone x2  
  104  7:17  Extractor  
  104  7:18  Overlord  
  103  7:23  Hydralisk x3  
  109  7:30  Hydralisk x3  
  112  7:39  Drone x4, Hatchery  
  112  7:40  Drone  
  112  7:41  Hydralisk x2  
  120  7:45  Zerg Melee Weapons Level 1  
  120  7:50  Centrifical Hooks  
  120  7:54  Hydralisk x3  
  120  7:57  Zerg Missile Weapons Level 2  
  126  8:00  Hydralisk  
  128  8:05  Overlord x2  
  128  8:06  Overlord  
  128  8:09  Grooved Spines  
  128  8:12  Overlord x2  
  128  8:14  Hydralisk  
  128  8:15  Hydralisk x2  
  128  8:19  Hydralisk  
  134  8:22  Overseer, Overlord x2  
  137  8:27  Drone x3  
  137  8:29  Hydralisk x3  
  137  8:30  Hydralisk  
  147  8:36  Hydralisk x3  
  147  8:37  Hydralisk  
  147  8:41  Hydralisk x2  
  155  8:42  Hydralisk  
  155  8:48  Infestation Pit, Hydralisk x2  
  163  8:55  Hydralisk x4  
  163  9:01  Zergling x14  
  178  9:05  Overlord  
  178  9:09  Zergling x14  
  185  9:19  Overlord  
  185  9:21  Zergling x4  
  185  9:22  Zergling x6  
  185  9:23  Overseer  
  190  9:28  Baneling x29  
  190  9:32  Zergling x12  
  196  9:40  Zergling x8  
  200  9:47  Baneling  
  200  9:48  Baneling x9  
  200  10:06  Zergling x4  
  200  10:07  Zergling x22  
Show
View Real Time Build Order
Export as new Build Order

Stats Protoss 

Build Orders:  

Get SALT Encoding   

  12  0:00  Probe  
  13  0:13  Pylon  
  13  0:18  Probe (Chrono Boost)  
  14  0:27  Probe (Chrono Boost)  
  15  0:32  Probe  
  16  0:42  Gateway  
  16  0:44  Probe  
  16  0:48  Assimilator  
  17  0:56  Probe  
  18  1:08  Pylon  
  18  1:09  Probe  
  19  1:21  Pylon, Probe  
  20  1:27  Zealot (Chrono Boost)  
  20  1:31  Cybernetics Core  
  22  1:33  Gateway  
  22  1:35  Probe  
  23  1:46  Zealot (Chrono Boost)  
  23  1:48  Probe  
  26  2:08  Warp Gate  
  26  2:10  Adept (Chrono Boost)  
  28  2:19  Shield Battery  
  28  2:21  Adept (Chrono Boost)  
  29  2:23  Probe  
  29  2:35  Probe  
  29  2:36  Nexus  
  30  2:45  Pylon  
  30  2:47  Probe  
  30  2:50  Assimilator  
  31  3:03  Shield Battery, Probe  
  32  3:15  Probe  
  33  3:20  Stargate  
  33  3:27  Probe (Chrono Boost)  
  34  3:40  Probe (Chrono Boost)  
  36  3:49  Probe (Chrono Boost)  
  36  3:52  Probe (Chrono Boost)  
  37  3:56  Void Ray (Chrono Boost)  
  37  3:59  Probe (Chrono Boost)  
  37  4:00  Probe (Chrono Boost)  
  39  4:04  Probe (Chrono Boost)  
  39  4:08  Probe  
  45  4:16  Probe  
  46  4:20  Pylon, Probe  
  46  4:22  Nexus  
  46  4:23  Pylon  
  47  4:28  Probe  
  48  4:32  Probe  
  48  4:36  Oracle  
  52  4:40  Assimilator, Probe  
  52  4:42  Assimilator  
  52  4:44  Probe  
  54  4:52  Probe (Chrono Boost)  
  55  4:53  Shield Battery  
  56  5:00  Probe (Chrono Boost)  
  56  5:01  Pylon  
  56  5:04  Probe (Chrono Boost)  
  57  5:10  Stargate, Probe (Chrono Boost)  
  57  5:11  Stargate, Probe (Chrono Boost)  
  59  5:17  Void Ray  
  59  5:19  Probe  
  59  5:20  Probe  
  65  5:32  Probe x2  
  65  5:34  Shield Battery  
  67  5:37  Probe (Chrono Boost)  
  68  5:44  Probe (Chrono Boost)  
  68  5:49  Assimilator x2, Probe (Chrono Boost)  
  71  5:50  Probe (Chrono Boost)  
  71  5:54  Probe (Chrono Boost), Void Ray x2  
  71  5:56  Probe (Chrono Boost)  
  74  5:58  Probe (Chrono Boost)  
  74  5:59  Probe (Chrono Boost), Void Ray  
  83  6:07  Probe  
  83  6:09  Probe  
  83  6:10  Probe  
  90  6:13  Pylon  
  90  6:20  Pylon  
  90  6:22  Pylon  
  90  6:23  Probe x3  
  93  6:33  Forge  
  93  6:34  Twilight Council  
  93  6:35  Probe x3  
  96  6:47  Probe x3  
  96  6:48  Nexus  
  96  6:50  Pylon  
  99  6:56  Pylon  
  99  6:58  Protoss Ground Weapons Level 1 (Chrono Boost)  
  99  7:00  Gateway  
  99  7:01  Gateway  
  99  7:04  Gateway  
  99  7:05  Charge (Chrono Boost)  
  99  7:06  Gateway  
  99  7:09  Shield Battery  
  99  7:19  Templar Archives  
  99  7:25  Gateway  
  99  7:27  Gateway, Shield Battery  
  99  7:36  Probe x2  
  99  7:37  Probe  
  102  7:40  Pylon  
  102  7:41  Robotics Facility  
  102  7:44  Gateway  
  102  7:46  Gateway  
  102  7:48  Probe  
  102  7:49  Psionic Storm, Probe x2  
  105  7:54  Assimilator  
  105  7:58  Assimilator  
  105  8:00  Probe  
  105  8:01  High Templar x3, Photon Cannon, Probe x2  
  105  8:02  High Templar  
  116  8:07  Probe  
  116  8:10  Photon Cannon  
  117  8:13  Shield Battery, Probe x3  
  117  8:14  High Templar x2  
  124  8:35  High Templar x2  
  124  8:36  High Templar x2, Zealot x2  
  124  8:41  Archon  
  136  8:42  Gateway  
  136  8:44  Photon Cannon  
  136  8:45  Gateway  
  136  8:46  Photon Cannon  
  136  8:54  Observer (Chrono Boost)  
  137  9:03  Fleet Beacon  
  137  9:05  Pylon  
  137  9:06  Photon Cannon, Pylon  
  137  9:07  Warp Prism (Chrono Boost), Pylon  
  137  9:09  Pylon  
  139  9:12  High Templar  
  139  9:13  High Templar, Zealot x6  
  139  9:16  Archon  
  155  9:19  Pylon  
  155  9:26  Pylon  
  155  9:28  Photon Cannon  
  155  9:46  High Templar x2  
  155  9:47  High Templar x2  
  155  9:52  Archon  
  163  9:56  Nexus  
  163  9:57  Pylon  
  163  9:58  Archon  
  161  10:01  Pylon  
  144  10:11  Zealot x8  
  72  10:22  Archon  
Tags
 
Add a new tag
Caveats
  • Supply blocks, unpowered buildings, or Contaminate may cause inaccurate times.
  • Supply counts are checked every 10 seconds.